 Dungeon Crawl Stone Soup version 0.23.2-1-ga50397a6bc (webtiles) character file.

Game seed: 5630542177951784032

1091 Requim the Chopper (level 8, -8/69 HPs)
             Began as a Hill Orc Fighter on Apr 13, 2019.
             Killed by divine providence
             ... invoked by an orc priest
              (13 damage)
             ... on level 5 of the Dungeon.
             The game lasted 00:24:29 (5116 turns).

Requim the Chopper (Hill Orc Fighter)               Turns: 5116, Time: 00:24:30

Health: -8/69      AC: 10    Str: 21    XL:     8   Next: 31%
Magic:  8/8        EV:  8    Int:  8    God:
Gold:   190        SH: 11    Dex: 10    Spells: 7/7 levels left

rFire    . . .     SeeInvis .   a - +1 war axe
rCold    . . .     Gourm    .   c - +1 shield
rNeg     . . .     Faith    .   b - +0 scale mail
rPois    +         Spirit   .   (no helmet)
rElec    .         Reflect  .   o - +2 cloak
rCorr    .         Harm     .   (no gloves)
MR       .....                  (no boots)
Stlth    ..........             (no amulet)
HPRegen  0.21/turn              k - ring of poison resistance
MPRegen  0.11/turn              (no ring)

@: hasted, very quick
A: no striking features
a: Convert to Beogh


You were on level 5 of the Dungeon.
You were not hungry.

You visited 1 branch of the dungeon, and saw 5 of its levels.

You collected 190 gold pieces.

Inventory:

Hand Weapons
 a - a +1 war axe (weapon)
Armour
 b - a +0 scale mail (worn)
 c - a +1 shield (worn)
 o - a +2 cloak (worn)
Jewellery
 k - a ring of poison resistance (left hand)
Scrolls
 m - a scroll of remove curse
Potions
 d - a potion of lignification
 e - a potion of flight
 g - a potion of invisibility
 l - a potion of resistance {unknown}
 p - a potion of cancellation {unknown}
Comestibles
 f - 3 rations


   Skills:
 + Level 5.5 Fighting
 + Level 7.9 Axes
 + Level 5.5 Armour
 + Level 2.0 Dodging
 + Level 0.8 Stealth
 + Level 5.7 Shields


You had 7 spell levels left.
You didn't know any spells.
Your spell library was empty.

Dungeon Overview and Level Annotations

Branches:
Dungeon (5/15)
 Temple: D:4-7

Altars:
Cheibriados
Dithmenos
Elyvilon
Kikubaaqudgha
Makhleb
Sif Muna
Yredelemnul
The Shining One

Annotations:
D:5 Edmund, Grinder


Message History

Edmund resists with some effort.
The iguana looks frightened!
The orc priest looks frightened! x2; Grinder blinks!
Grinder closely misses you.
Cornered, the orc priest turns to fight!
You hit Grinder but do no damage.
Grinder is lightly wounded.
Grinder says, "You look like you could use a good racking."
Grinder gestures at you. Pain shoots through your body!
* * * LOW HITPOINT WARNING * * *
You hit Grinder.
Grinder is moderately wounded.
Grinder closely misses you.
The orc priest shouts, "Beogh is our master!
Accept the truth or die!"
The orc priest closely misses you.
It was a potion of haste.
You feel yourself speed up. Grinder barely misses you.
The orc priest invokes the aid of Beogh against you.
Beogh smites you!
You die...

#.#
#...........
#.#
#...........
# .......
#.#
###########[
# .......
#.# #. ####
....... #.#
#. ....
..o.[.. #.#
#. ....
....... #.#
## ....
...oo.. #5#
# ....
.o...o@##@#
# ....
#.5#.# #
.... ##.#o#
# .... #.#.#
# .... #.o@#
# .... ##..#
# .... ...>#
..## #.####
..# #.


You could see Edmund, Grinder, an orc priest and an orc.

Vanquished Creatures
  A hippogriff (D:3)
  2 centaurs
  An ogre (D:4)
  3 vampire bats (D:3)
  2 orc priests (D:4)
  Crazy Yiuf (D:5)
  A gnoll shaman (D:5)
  An orc wizard (D:3)
  5 worker ants
  10 gnolls
  7 adders
  An ooze (D:3)
  An adder skeleton (D:4)
  A worm (D:3)
  A dart slug (D:1)
  6 leopard geckos
  15 orcs
  7 bats
  3 bat skeletons (D:3)
  3 bat zombies (D:3)
  5 goblins
  10 hobgoblins
  8 jackals
  4 kobolds
  3 quokkas
  4 ball pythons
  A ball python skeleton (D:4)
  4 frilled lizards
  A leopard gecko skeleton (D:4)
  A quokka skeleton (D:4)
  13 rats
  A fungus (D:5)
127 creatures vanquished.

Notes
Turn   | Place    | Note
-------+----------+-------------------------------------------
     0 | D:1      | Requim the Hill Orc Fighter began the quest for the Orb.
     0 | D:1      | Reached XP level 1. HP: 19/19 MP: 1/1
   100 | D:1      | Reached XP level 2. HP: 23/27 MP: 2/2
   171 | D:1      | Reached skill level 3 in Axes
   498 | D:1      | Reached XP level 3. HP: 33/33 MP: 3/3
   967 | D:2      | Found a shadowy altar of Dithmenos.
  1371 | D:2      | Found a shadowy altar of Dithmenos.
  1432 | D:2      | Found a deep blue altar of Sif Muna.
  1466 | D:2      | Reached XP level 4. HP: 27/40 MP: 4/4
  1478 | D:2      | Reached skill level 4 in Axes
  1607 | D:2      | Found a white marble altar of Elyvilon.
  1906 | D:3      | Reached XP level 5. HP: 44/46 MP: 5/5
  2130 | D:3      | Reached skill level 1 in Dodging
  2261 | D:3      | Found an ancient bone altar of Kikubaaqudgha.
  2279 | D:3      | Reached skill level 5 in Axes
  2279 | D:3      | Reached XP level 6. HP: 48/53 MP: 6/6
  2411 | D:3      | Found a snail-covered altar of Cheibriados.
  2690 | D:3      | Found a burning altar of Makhleb.
  2738 | D:3      | Noticed a hippogriff
  2752 | D:3      | Killed a hippogriff
  2752 | D:3      | Reached skill level 6 in Axes
  2752 | D:3      | Reached skill level 5 in Shields
  2752 | D:3      | Reached XP level 7. HP: 17/60 MP: 7/7
  3314 | D:4      | Found a glowing golden altar of the Shining One.
  3322 | D:4      | Found a basalt altar of Yredelemnul.
  3324 | D:4      | Noticed a profane servitor
  3547 | D:4      | Reached skill level 5 in Armour
  3735 | D:4      | Reached skill level 5 in Fighting
  3735 | D:4      | Reached skill level 7 in Axes
  4286 | D:5      | Entered Level 5 of the Dungeon
  4310 | D:5      | Reached XP level 8. HP: 60/68 MP: 8/8
  4902 | D:5      | Found a runed translucent door.
  4903 | D:5      | Noticed Crazy Yiuf
  4913 | D:5      | Killed Crazy Yiuf
  5080 | D:5      | Noticed Grinder
  5080 | D:5      | Noticed Edmund
  5091 | D:5      | Paralysed by Grinder for 6 turns
  5103 | D:5      | Paralysed by Grinder for 3 turns
  5116 | D:5      | Killed from afar by an orc priest

Skill      XL: |  1  2  3  4  5  6  7  8 |
---------------+-------------------------+-----
Axes           | 3 4 5 6 7 |  7.9
Fighting       | 4 5 |  5.5
Shields        | 4 5 |  5.7
Armour         | 4 5 |  5.5
Dodging        | 1 2 |  2.0
Stealth        | |  0.8

Action                   |  1- 3 |  4- 6 |  7- 9 || total
-------------------------+-------+-------+-------++-------
Melee: War axe           |   112 |   146 |   169 ||   427
  Use: Scroll            |     8 |     7 |     6 ||    21
       Potion            |     1 |     1 |     3 ||     5
  Eat: Ration            |     1 |     1 |     2 ||     4
Armor: Scale mail        |    48 |    75 |    53 ||   176
Dodge: Dodged            |    39 |    66 |    51 ||   156
Block: Shield            |    72 |   106 |    80 ||   258
